 Dungeon Crawl Stone Soup version 0.29.1-12-g30fa7ad0bf (webtiles) character file.

Game seed: 4292862492947710695

212 FaviusArthum the Grave Robber (level 6, -2/43 HPs)
             Began as a Human Necromancer on Jan 8, 2023.
             Slain by an ice beast (11 damage)
             ... on level 4 of the Dungeon.
             The game lasted 00:22:56 (7290 turns).

FaviusArthum the Grave Robber (Human Necromancer)   Turns: 7290, Time: 00:22:57

Health: -2/43      AC:  7    Str:  8    XL:     6   Next: 13%
Magic:  1/11       EV: 10    Int: 18    God:
Gold:   134        SH:  0    Dex: 13    Spells: 7/11 levels left

rFire   . . .      SeeInvis .   d - +0 dagger
rCold   . . .      Faith    .   (no shield)
rNeg    . . .      Spirit   .   o - +0 ring mail
rPois   .          Reflect  .   (no helmet)
rElec   .          Harm     .   g - +0 cloak
rCorr   .          Rampage  .   e - +0 pair of gloves
Will    .....                   (no boots)
Stlth   +.........              (no amulet)
HPRegen 0.14/turn               (no ring)
MPRegen 0.12/turn               (no ring)

@: no status effects
A: no striking features
a: no special abilities


You were on level 4 of the Dungeon.
You visited 1 branch of the dungeon, and saw 4 of its levels.

You collected 134 gold pieces.

Inventory:

Hand Weapons
 c - a +0 club
 d - a +0 dagger (weapon)
 p - a +0 vampiric whip
 v - a +0 spear
Missiles
 h - 14 poisoned darts
Armour
 a - a +0 robe
 e - a +0 pair of gloves (worn)
 g - a +0 cloak (worn)
 n - a +0 plate armour
 o - a +0 ring mail (worn)
 u - a +0 ring mail
Wands
 w - a wand of mindburst (20)
Scrolls
 f - a scroll of identify
 j - a scroll of amnesia
 k - a scroll of enchant weapon
 l - a scroll of summoning
 q - 3 scrolls of butterflies
 s - a scroll of enchant armour {unknown}
 t - a scroll of poison
Potions
 b - a potion of magic
 i - a potion of resistance {unknown}
 m - a potion of haste {unknown}
 r - 2 potions of curing {unknown}


   Skills:
 + Level 1.5 Fighting
 + Level 1.0 Short Blades
 + Level 0.5 Armour
 + Level 2.4 Dodging
 + Level 2.8 Stealth
 + Level 3.3 Spellcasting
 + Level 5.1 Necromancy


You had 7 spell levels left.
You knew the following spells:

 Your Spells              Type           Power      Damage    Failure   Level
a - Necrotise             Necr           84%        1d8       6%          1
b - Vampiric Draining     Necr           21%        2d7       19%         3

Your spell library contained the following spells:

 Spells                   Type           Power      Damage    Failure   Level
 Animate Dead             Necr           21%        N/A       52%         4
 Agony                    Necr           21%        N/A       86%         5


Dungeon Overview and Level Annotations

Branches:
Dungeon (4/15)
 Temple: D:4-7

Altars:


Message History

Aim: an ice beast (lightly wounded, ally target, chance to affect: 80%)
The ice beast writhes in agony.
The ice beast hits you but does no damage.
Your orc skeleton closely misses the ice beast.
Casting: Necrotise (safe; 6% risk of failure)
Confirm with . or Enter, or press ? or * to list all spells.
The spell is quite dangerous to miscast (19% risk of failure)!
Continue anyway?
Aiming: Vampiric Draining (quite dangerous; 19% risk of failure)
Press: ? - help, Shift-Dir - straight line, f/p - ice beast
Aim: an ice beast (lightly wounded, ally target)
You draw life force from the ice beast!
The ice beast hits you but does no damage.
The orc hits you but does no damage.
Your orc skeleton closely misses the ice beast.
You hit the ice beast.
The ice beast is heavily wounded.
The ice beast hits you but does no damage.
The orc hits you but does no damage.
Your orc wizard skeleton closely misses the ice beast.
Your orc skeleton hits the ice beast but does no damage.
You hit the ice beast but do no damage.
The ice beast is heavily wounded.
The ice beast hits you. The ice beast freezes you!
The orc hits you from afar with a +0 trident!
Your orc wizard skeleton hits the ice beast but does no damage.
Your orc skeleton completely misses the ice beast.
Casting: Vampiric Draining (quite dangerous; 19% risk of failure)
Confirm with . or Enter, or press ? or * to list all spells.
Aiming: Necrotise (safe; 6% risk of failure)
Press: ? - help, Shift-Dir - straight line, f/p - ice beast
Aim: an ice beast (heavily wounded, ally target, chance to affect: 80%)
The ice beast writhes in agony.
Your orc wizard skeleton hits the ice beast but does no damage.
The ice beast hits you. The ice beast freezes you!
* * * LOW HITPOINT WARNING * * *
The orc misses you.
Your orc skeleton hits the orc.
The ice beast attacks as you move away! The ice beast hits you.
* * * LOW HITPOINT WARNING * * *
The ice beast freezes you!
You die...

#..#.###..#.#.#
#.##.#.###
#.##....>...#.# #.##...#
#.#####.....#.# #.##..##
#.# ....##...# ##..##..#
#.#
#....###..#######..###..#
#.# ##>.# #....)Z...).#
#..# #.#
#.###oZ..#######..# #.#
#.# #Y##..........# #.#


Yo# #@##..#####..## #.## ...##..#..... ...## #.<# .##.##.#..##..##### ##.# ..
.....### .... .... .. ..... ..... #.#..... #.#.. ....)# .......... ..... .....#
#....#.....##..# #..#.... You could see an ice beast (ally target), an orc, a
friendly orc skeleton and a friendly orc wizard skeleton.

Vanquished Creatures
  A scorpion (D:4)
  Jessica (D:3)
  An orc wizard (D:4)
  Terence (D:3)
  An adder (D:3)
  A worm (D:2)
  A dart slug (D:1)
  An orc (D:4)
  6 ball pythons
  7 bats
  6 endoplasms
  5 giant cockroaches
  5 goblins
  8 hobgoblins
  2 quokkas (D:1)
  7 frilled lizards
  3 kobolds
  A rat (D:2)
58 creatures vanquished.

Vanquished Creatures (collateral kills)
  A kobold (D:2)
1 creature vanquished.

Grand Total: 59 creatures vanquished

Notes
Turn   | Place    | Note
-------+----------+-------------------------------------------
     0 | D:1      | FaviusArthum the Human Necromancer began the quest for the
                  | Orb.
     0 | D:1      | Reached XP level 1. HP: 13/13 MP: 3/3
   333 | D:1      | Reached XP level 2. HP: 19/19 MP: 5/5
  1681 | D:1      | Reached XP level 3. HP: 24/24 MP: 3/6
  1685 | D:1      | Learned a level 3 spell: Vampiric Draining
  4305 | D:2      | Found a faded altar of an unknown god.
  4313 | D:2      | Reached XP level 4. HP: 30/30 MP: 1/7
  4844 | D:3      | Noticed Terence
  4856 | D:3      | Killed Terence
  5457 | D:3      | Noticed Jessica
  5459 | D:3      | Killed Jessica
  5460 | D:3      | Reached skill level 5 in Necromancy
  5460 | D:3      | Reached XP level 5. HP: 36/36 MP: 6/9
  6856 | D:4      | Reached skill level 1 in Short Blades
  7267 | D:4      | Noticed an ice beast
  7284 | D:4      | Reached skill level 1 in Fighting
  7284 | D:4      | Reached XP level 6. HP: 43/43 MP: 5/11
  7290 | D:4      | Slain by an ice beast

Illustrated notes

Levels and vault maps discovered:
D:1:      giann_forest_graveyard, layout_loops_ring, minmay_quantized
D:2:      layout_loops_corners, hellmonk_ecumenical_altar_prayer_group,
          minmay_misc_feat_five, grunt_ministairs_4
D:3:      layout_basic, uniq_jessica, uniq_terence
D:4:      layout_rooms, sigmund_army

Skill      XL: |  1  2  3  4  5 |
---------------+----------------+-----
Spellcasting   | 3 |  3.3
Necromancy     | 5 |  5.1
Short Blades   | 1 |  1.0
Fighting       | 1 |  1.5
Armour         | |  0.5
Dodging        | |  2.4
Stealth        | |  2.8

Action                   |  1- 3 |  4- 6 || total
-------------------------+-------+-------++-------
Melee: Dagger            |    70 |    61 ||   131
       Punch             |       |     1 ||     1
 Cast: Necrotise         |    56 |    31 ||    87
       Vampiric Draining |     2 |     4 ||     6
Evoke: Wand              |       |     1 ||     1
  Use: Potion            |     1 |       ||     1
       Scroll            |       |     7 ||     7
 Stab: Sleeping          |     2 |       ||     2
Armor: Robe              |    28 |     9 ||    37
       Ring mail         |       |    25 ||    25
Dodge: Dodged            |    76 |    49 ||   125
